 Dungeon Crawl Stone Soup version 0.31-a0-826-ga5cc291a1b (webtiles) character file.

Game seed: 4420400500610474699

1227 qw the Skirmisher (level 8, -13/51 HPs)
             Began as a Gargoyle Hunter on Sept 23, 2023.
             Shot with a bolt by an orc warrior (14 damage)
             ... on level 6 of the Dungeon.
             The game lasted 00:01:32 (4512 turns).

qw the Skirmisher (Gargoyle Hunter)                 Turns: 4512, Time: 00:01:32

Health: -13/51     AC: 12    Str: 16    XL:     8   Next: 48%
Magic:  8/8        EV: 12    Int:  9    God:
Gold:   412        SH:  0    Dex: 15    Spells: 7/7 levels left

rFire   + + .        Y - +0 shortbow (drain)
rCold   . . .        (shield currently unavailable)
rNeg    + . .        g - +0 leather armour {rF+}
rPois   inf          f - +1 helmet
rElec   +            (no cloak)
rCorr   .            (no gloves)
SInv    .            m - +1 pair of boots
Will    .....        (no amulet)
Stlth   ++           e - ring of protection from fire
HPRegen 0.28/turn    i - +4 ring of slaying {mikee}
MPRegen 0.11/turn

%: no passive effects
@: no status effects
A: sickness immunity, AC +5, negative energy resistance 1, electricity
resistance, torment resistance 1, petrification resistance
a: no special abilities


You were on level 6 of the Dungeon.
You visited 1 branch of the dungeon, and saw 6 of its levels.

You collected 412 gold pieces.


Innate Abilities, Weirdness & Mutations

You are immune to sickness and miasma.
Your stone body is resilient. (AC +5)
You are immune to poison.
You resist negative energy. (rN+)
You are resistant to electric shocks. (rElec)
You are resistant to unholy torment.
You are immune to petrification.


   Skills:
 - Level 6.1 Fighting
 + Level 9.0 Ranged Weapons
 - Level 1.0 Armour
 - Level 2.4 Dodging
 - Level 1.1 Stealth


You had 7 spell levels left.
You didn't know any spells.
Your spell library was empty.

Inventory:

Hand Weapons
 Y - a +0 shortbow of draining (weapon)
Armour
 d - a +0 ring mail
 f - a +1 helmet (worn)
 g - a +0 leather armour of fire resistance (worn)
 m - a +1 pair of boots (worn)
Jewellery
 e - a ring of protection from fire (left hand)
 i - a +4 ring of slaying (right hand) {mikee}
 j - a ring of positive energy
Scrolls
 a - 2 scrolls of identify
Potions
 b - a potion of mutation
 k - a potion of berserk rage {unknown}
 l - a potion of haste

Dungeon Overview and Level Annotations

Branches:
Dungeon (6/15)
 Temple: D:4-7

Altars:
Yredelemnul

Annotations:
D:6 Maggie


Message History

The orc hits you but does no damage. The orc hits you with a +0 club.
Something hits you but does no damage.
The orc warrior hits you with a +0 mace!
The orc priest misses you. Maggie barely misses you.
You shoot an arrow. The arrow completely misses Maggie.
The orc hits you but does no damage. x2; Something hits you but does no damage.
The orc warrior hits you but does no damage.
The orc priest barely misses you. Maggie gestures at you while chanting.
The bolt of fire misses you.
The bolt of fire hits the orc!
The orc dies!
You shoot an arrow.
The arrow hits Maggie but does no damage.
Maggie is almost dead.
The orc closely misses you. Maggie gestures at you while chanting.
The bolt of fire hits you. You resist.
The orc warrior hits you with a +0 mace.
The orc priest barely misses you.
You hear some strange, mumbled words.
A magic dart appears from out of thin air!
The magic dart hits you.
You shoot an arrow. The arrow completely misses Maggie.
You break out of your daze.
The orc misses you.
4511 |||
Found retreat position at -3,-1 (floor) with 0 blocking monsters and 1 monsters attacking at destination at distance 3
Enter note:
Enter note:
4511 ||| Stepping ~*~*~tactically~*~*~ (retreating).
Maggie gestures wildly while chanting.
Maggie attempts to bespell you! You resist.
The orc warrior hits you with a +0 mace.
The orc attacks as it pursues you! The orc hits you but does no damage.
Enter note:
Enter note:
4512 |||
Found retreat position at -2,0 (floor) with 0 blocking monsters and 1 monsters attacking at destination at distance 2
4512 ||| Stepping ~*~*~tactically~*~*~ (retreating).
The orc warrior unwields a +0 mace.
The orc warrior wields a +0 arbalest.
The orc warrior shoots a bolt.
The bolt hits you!
You die...

..# #.......##### .##
#...........# ..#
#.......###.### ..#
#.......# .. ..# #......?#
.## ..# #####.### ..
..##### #.# .# .......
#.#######o#####=
...####.###.#...@.o@......
..............###o{oo..##
..........#...# #)..[..#
..........#...# #......#
....###.. #............#
......... ##......######
..#.#### #......# ..#.#
.....#.# ....#####
..<.....


You could see Maggie (very drained), an orc warrior, an orc priest and 3 orcs.

Vanquished Creatures
  Sigmund (D:6)
  Eustachio (D:5)
  An ice beast (D:6)
  An ogre (D:4)
  A kobold brigand (D:6)
  A bullfrog (D:6)
  4 scorpions
  A jelly (D:6)
  An orc priest (D:4)
  3 hounds
  A sleepcap (D:4)
  3 iguanas
  Robin (D:3)
  5 adders
  A worm (D:3)
  3 dart slugs (D:1)
  12 orcs
  3 bats (D:1)
  6 endoplasms
  2 giant cockroaches
  17 goblins
  8 hobgoblins
  A ball python (D:3)
  A frilled lizard (D:1)
  6 kobolds
  4 rats
  A spectral orc (D:3)
90 creatures vanquished.

Vanquished Creatures (others)
  An orc (D:6)
1 creature vanquished.

Grand Total: 91 creatures vanquished

Notes
Turn   | Place    | Note
-------+----------+-------------------------------------------
     0 | D:1      | qw the Gargoyle Hunter began the quest for the Orb.
     0 | D:1      | Reached XP level 1. HP: 12/12 MP: 1/1
     0 | D:1      | 0 ||| qw: Version: 0.3-a-83-gcd0e7d8
     0 | D:1      | 0 ||| qw: Game counter: 1924
     0 | D:1      | 0 ||| qw: Melee chars always use a shield: true
     0 | D:1      | 0 ||| qw: God list: Okawaru
     0 | D:1      | 0 ||| qw: Allow faded altars: false
     0 | D:1      | 0 ||| qw: Do Orc after clearing Dungeon:15 true
     0 | D:1      | 0 ||| qw: Do second Lair branch before Depths: true
     0 | D:1      | 0 ||| qw: Lair rune preference: random
     0 | D:1      | 0 ||| qw: Goals: Normal
     0 | D:1      | 0 ||| PLANNING D:1-11
   185 | D:1      | Reached XP level 2. HP: 13/17 MP: 2/2
   792 | D:1      | Reached XP level 3. HP: 19/21 MP: 3/3
   926 | D:1      | Reached skill level 5 in Ranged Weapons
   953 | D:1      | 953 ||| UPGRADING to +0 ring mail.
   963 | D:1      | 963 ||| DROPPING +0 leather armour.
   964 | D:1      | 964 ||| UPGRADING to ring of protection from fire.
   965 | D:1      | 965 ||| UPGRADING to +4 ring of slaying {mikee}.
   966 | D:1      | 966 ||| READING scroll labelled VUZIH ARABU.
   967 | D:1      | 967 ||| READING scroll labelled TYLIAR WUSHRU.
   968 | D:1      | 968 ||| DROPPING scroll of butterflies.
  1477 | D:2      | Found a faded altar of an unknown god.
  1562 | D:2      | 1562 ||| READING 2 scrolls labelled GOOC IMIJUGU.
  1563 | D:2      | 1563 ||| READING scroll labelled GOBYOM YKHLUVAN.
  1567 | D:2      | 1567 ||| DRINKING 2 white potions.
  1599 | D:3      | Reached skill level 1 in Armour
  1619 | D:3      | Noticed Robin
  1638 | D:3      | Killed Robin
  1639 | D:3      | Reached skill level 3 in Fighting
  1639 | D:3      | Reached XP level 4. HP: 10/28 MP: 4/4
  1639 | D:3      | 1639 ||| FLEEEEING.
  1640 | D:3      | 1640 ||| FLEEEEING.
  1641 | D:3      | 1641 ||| FLEEEEING.
  1642 | D:3      | 1642 ||| FLEEEEING.
  1643 | D:3      | 1643 ||| FLEEEEING.
  1644 | D:3      | 1644 ||| FLEEEEING.
  1645 | D:3      | 1645 ||| FLEEEEING.
  1646 | D:3      | 1646 ||| FLEEEEING.
  1647 | D:3      | 1647 ||| FLEEEEING.
  1648 | D:3      | 1648 ||| FLEEEEING.
  1649 | D:3      | 1649 ||| STAIRDANCE
  2000 | D:3      | Found a basalt altar of Yredelemnul.
  2506 | D:3      | 2506 ||| UPGRADING to +0 helmet.
  2511 | D:3      | 2511 ||| UPGRADING to +0 leather armour of fire resistance.
  2521 | D:3      | 2521 ||| READING scroll labelled HOPNID DOROQ.
  2522 | D:3      | 2522 ||| READING scroll labelled FATRAO XIANG.
  2523 | D:3      | 2523 ||| DRINKING 2 brown potions.
  2524 | D:3      | 2524 ||| DRINKING 2 red potions.
  2525 | D:3      | 2525 ||| DROPPING potion of attraction.
  2588 | D:4      | Reached XP level 5. HP: 32/32 MP: 5/5
  2648 | D:4      | 2648 ||| READING scroll of enchant armour.
  2648 | D:4      | 2648 ||| ENCHANTING +0 helmet.
  2684 | D:4      | Reached skill level 6 in Ranged Weapons
  2738 | D:4      | You fall into a shaft and drop 2 floors!
  2833 | D:6      | 2833 ||| READING 2 scrolls labelled YLIWOTT ALEZI.
  2934 | D:6      | 2934 ||| READING 2 scrolls of identify.
  2934 | D:6      | 2934 ||| IDENTIFYING bubbling brown potion
  2935 | D:6      | 2935 ||| DROPPING scroll of silence.
  2946 | D:5      | Entered Level 5 of the Dungeon
  2949 | D:5      | Reached XP level 6. HP: 38/38 MP: 6/6
  3506 | D:4      | Reached skill level 7 in Ranged Weapons
  3586 | D:4      | Reached XP level 7. HP: 43/43 MP: 7/7
  3706 | D:4      | 3706 ||| DROPPING amulet of magic regeneration.
  3707 | D:4      | 3707 ||| READING scroll labelled WIJIUM POGOCWO.
  3708 | D:4      | 3708 ||| READING 2 scrolls of identify.
  3708 | D:4      | 3708 ||| IDENTIFYING fizzy coppery potion
  3709 | D:4      | 3709 ||| DROPPING potion of degeneration.
  3878 | D:5      | Reached skill level 8 in Ranged Weapons
  4165 | D:5      | Noticed Eustachio
  4177 | D:5      | 4177 ||| RETREEAATING.
  4178 | D:5      | 4178 ||| STILL RETREEAATING.
  4179 | D:5      | 4179 ||| STILL RETREEAATING.
  4181 | D:5      | 4181 ||| RETREEAATING.
  4183 | D:5      | 4183 ||| RETREEAATING.
  4185 | D:5      | 4185 ||| Stepping ~*~*~tactically~*~*~ (retreating).
  4191 | D:5      | 4191 ||| Stepping ~*~*~tactically~*~*~ (retreating).
  4194 | D:5      | Killed Eustachio
  4355 | D:5      | 4355 ||| UPGRADING to +1 pair of boots.
  4360 | D:5      | 4360 ||| READING scroll labelled DAMAATSUDWA.
  4361 | D:5      | 4361 ||| READING 3 scrolls of identify.
  4361 | D:5      | 4361 ||| IDENTIFYING lumpy white potion
  4380 | D:6      | Reached XP level 8. HP: 49/49 MP: 8/8
  4382 | D:6      | Noticed Sigmund
  4386 | D:6      | Killed Sigmund
  4435 | D:6      | Reached skill level 9 in Ranged Weapons
  4476 | D:6      | Noticed Maggie
  4482 | D:6      | 4482 ||| DRINKING potion of curing.
  4482 | D:6      | 4482 ||| (to cure confusion)
  4487 | D:6      | Reached skill level 6 in Fighting
  4506 | D:6      | HP: 4/51 [orc warrior/+0 mace (9)]
  4507 | D:6      | 4507 ||| DRINKING potion of heal wounds.
  4511 | D:6      | 4511 ||| Stepping ~*~*~tactically~*~*~ (retreating).
  4511 | D:6      | HP: 1/51 [orc warrior/+0 mace (2)]
  4512 | D:6      | 4512 ||| Stepping ~*~*~tactically~*~*~ (retreating).
  4512 | D:6      | Shot with a bolt by an orc warrior

Levels and vault maps discovered:
D:1:      minmay_arrival_diagonal_passages, layout_basic, feat_on_display
D:2:      layout_basic, hellmonk_ecumenical_altar_run_dry, nicolae_titane
D:3:      layout_loops_corners, yredelemnul_forgotten_temple_becter,
          serial_park_tiny_pond, uniq_robin
D:4:      layout_basic
D:5:      layout_basic, serial_corexii_hall, chequers_hall_statues_y,
          corexii_hall_statues_i, uniq_eustachio
D:6:      layout_loops_cross, fedhas_altar_2, uniq_maggie, uniq_sigmund,
          uniq_menkaure

Skill      XL: |  1  2  3  4  5  6  7  8 |
---------------+-------------------------+-----
Ranged Weapons | 5 6 7 8 9 |  9.0
Armour         | 1 |  1.0
Fighting       | 3 4 5 6 |  6.1
Dodging        | 2 |  2.4
Stealth        | |  1.1

Action                     |  1- 3 |  4- 6 |  7- 9 || total
---------------------------+-------+-------+-------++-------
   Fire: Shortbow          |   110 |   108 |    90 ||   308
    Use: Scroll            |     4 |     5 |     4 ||    13
         Potion            |     1 |     2 |     2 ||     5
 Armour: Leather armour    |    20 |    11 |    60 ||    91
         Ring mail         |    25 |     6 |       ||    31
  Dodge: Dodged            |    44 |    32 |    53 ||   129

Table legend:
 A = Non-vault XP
 B = Vault XP
 C = Vault XP percentage of total XP
 D = Non-vault monster count
 E = Vault monster count
 F = Vault count percentage of total count
                 A         B        C        D         E       F
            +---------+---------+-------+---------+---------+-------
      Total |    1316 |     437 |  24.9 |      76 |      14 |  15.6
            +---------+---------+-------+---------+---------+-------
        D:1 |      40 |       0 |   0.0 |      20 |       0 |   0.0
        D:2 |      12 |       0 |   0.0 |       6 |       0 |   0.0
        D:3 |      57 |      35 |  38.0 |      15 |      12 |  44.4
        D:4 |     420 |       0 |   0.0 |      15 |       0 |   0.0
        D:5 |     370 |     188 |  33.7 |       7 |       1 |  12.5
        D:6 |     417 |     214 |  33.9 |      13 |       1 |   7.1
            +---------+---------+-------+---------+---------+-------
